 Dungeon Crawl Stone Soup version 0.27-a0-1202-ge72e491 (webtiles) character file.

Game seed: 16107796428267685674

326 Meow the Sneak (level 6, -6/51 HPs)
             Began as a Naga Ice Elementalist on June 1, 2021.
             Mangled by an ogre
             ... wielding a +0 giant club
              (27 damage)
             ... on level 4 of the Dungeon.
             The game lasted 00:08:09 (2809 turns).

Meow the Sneak (Naga Ice Elementalist)              Turns: 2809, Time: 00:08:10

Health: -6/51      AC:  3    Str: 10    XL:     6   Next: 49%
Magic:  2/11       EV:  9    Int: 18    God:
Gold:   91         SH:  0    Dex: 11    Spells: 3/12 levels left

rFire    . . .     SeeInvis +   a - +0 whip (elec)
rCold    . . .     Faith    .   (no shield)
rNeg     . . .     Spirit   .   b - +0 robe
rPois    +         Reflect  .   (no helmet)
rElec    .         Harm     .   (no cloak)
rCorr    .         Rampage  .   (no gloves)
Will     .....                  (no barding)
Stlth    +++.......             (no amulet)
HPRegen  0.17/turn              (no ring)
MPRegen  0.12/turn              (no ring)

@: short of breath, freezing walls, very slow
A: AC +2, large, see invisible, deformed body, poison resistance, slowness 2,
spit poison 1, naga tail 1
a: Spit Poison


You were on level 4 of the Dungeon.
You visited 1 branch of the dungeon, and saw 4 of its levels.

You collected 91 gold pieces.

Inventory:

Hand Weapons
 a - a +0 whip of electrocution (weapon)
 c - a +0 rapier
 f - a +0 short sword
Missiles
 d - 19 sling bullets
 h - 86 stones
 j - 37 arrows
 n - 35 bolts
Armour
 b - a +0 robe (worn)
Jewellery
 m - a ring of flight
Scrolls
 e - a scroll of brand weapon
 i - a scroll of holy word
 l - a scroll of enchant weapon
Potions
 g - 2 potions of might {unknown}
 k - a potion of mutation {unknown}


   Skills:
 + Level 1.0 Fighting
 - Level 1.5 Dodging
 * Level 6.2 Stealth
 + Level 3.5 Spellcasting
 * Level 1.6 Conjurations
 + Level 5.2 Ice Magic


You had 3 spell levels left.
You knew the following spells:

 Your Spells              Type           Power      Damage    Failure   Level
a - Freeze                Ice            88%        1d10      1%          1
b - Searing Ray           Conj           18%        3d3       12%         2
e - Ozocubu's Armour      Ice            22%        N/A       5%          3
f - Frozen Ramparts       Ice            44%        1d6       5%          3

Your spell library contained the following spells:

 Spells                   Type           Power      Damage    Failure   Level
 Magic Dart               Conj           36%        1d4       8%          1
 Dazzling Flash           Conj/Hex       12%        N/A       32%         3
 Confusing Touch          Hex            3%         N/A       43%         3
 Gell's Gravitas          Tloc           1%         N/A       43%         3
 Hailstorm                Conj/Ice       15%        3d5       36%         4
 Fulminant Prism          Conj/Hex       3%         3d6       73%         4
 Iskenderun's Mystic Bla  Conj/Tloc      6%         2d4       73%         4
 Metabolic Englaciation   Hex/Ice        6%         N/A       82%         5
 Petrify                  Tmut/Erth      3%         N/A       83%         4
 Yara's Violent Unravell  Hex/Tmut       1%         3d3       99%         5


Dungeon Overview and Level Annotations

Branches:
Dungeon (4/15)
 Temple: D:4-7

Altars:
Qazlal


Innate Abilities, Weirdness & Mutations

Your serpentine skin is tough. (AC +2)
You have supernaturally acute eyesight. (SInv)
Armour fits poorly on your strangely shaped body.
Your system is resistant to poisons. (rPois)
You cover ground very slowly.
You can spit poison.
You have a snake-like lower body.


Message History

An ogre comes into view. It is wielding a +0 giant club.
Your Fighting skill increases to level 1!
Your icy armour and frozen ramparts will break if you move.
Continue?
Your icy armour cracks and falls away as you move.
The frozen ramparts melt away as you move.
The ogre shouts!
You hear a shout!
You can't do that yet.
Unknown command.
Unknown command.
You have got your breath back.
Press: ? - help, Shift-Dir - straight line, f - ogre
Aim: an ogre, wielding a +0 giant club The splash of poison misses the ogre.
Unknown command.
Casting: Freeze (safe; 1% risk of failure)
Confirm with . or Enter, or press ? or * to list all spells.
Okay, then.
Unknown command.
Casting: Freeze (safe; 1% risk of failure)
Confirm with . or Enter, or press ? or * to list all spells.
Casting: Frozen Ramparts (dangerous; 5% risk of failure)
Press: ? - help, Dir - look around, f - activate The walls around you are covered in ice.
The wall freezes the ogre.
Unknown command.
Unknown command.
You barely miss the ogre.
The ogre is lightly wounded.
You have got your breath back.
The wall freezes the ogre.
The ogre hits you with a +0 giant club!
Unknown command.
Unknown command.
Press: ? - help, Shift-Dir - straight line, f - ogre
Aim: an ogre, wielding a +0 giant club (moderately wounded)
The splash of poison hits the ogre!
The ogre is poisoned.
The ogre is severely wounded.
The wall freezes the ogre.
The ogre hits you with a +0 giant club!!
Ouch! That really hurt!
You die...

...##.##..### ##
...##.##....###.
..........##...#####
#........###.O.?...# #
#.........##......## .#
##........#........##...
#...........###........
#>............#O......#
#......†.......@......#
##......##..###......##
#......##...###....##
#...##.#....# ....# #...
......... ....# ##..
..............# ##
##..#..........# #.####
..... ###


You could see an ogre (poisoned).

Vanquished Creatures
  An ogre (D:2)
  A howler monkey (D:4)
  A bullfrog skeleton (D:3)
  Terence (D:2)
  An iguana (D:4)
  4 gnolls (D:3)
  4 adders
  2 adder skeletons (D:4)
  A dart slug (D:1)
  4 orcs (D:3)
  A ball python (D:4)
  5 endoplasms
  A giant cockroach (D:1)
  4 goblins
  A hobgoblin (D:2)
  3 jackals (D:1)
  A quokka (D:2)
  3 bats
  3 frilled lizards
  A kobold (D:3)
  3 rats
46 creatures vanquished.

Notes
Turn   | Place    | Note
-------+----------+-------------------------------------------
     0 | D:1      | Meow the Naga Ice Elementalist began the quest for the Orb.
     0 | D:1      | Reached XP level 1. HP: 15/15 MP: 3/3
   204 | D:1      | Reached XP level 2. HP: 22/22 MP: 3/5
   918 | D:2      | Found a stormy altar of Qazlal.
   944 | D:2      | Noticed Terence
   956 | D:1      | Reached XP level 3. HP: 11/28 MP: 2/6
  1147 | D:2      | Reached skill level 4 in Stealth
  1151 | D:2      | Learned a level 3 spell: Frozen Ramparts
  1192 | D:2      | Killed Terence
  1346 | D:2      | Reached XP level 4. HP: 36/36 MP: 4/8
  1389 | D:2      | Noticed an ogre
  1393 | D:2      | Killed an ogre
  1394 | D:2      | Reached skill level 5 in Stealth
  1394 | D:2      | Reached skill level 5 in Ice Magic
  1394 | D:2      | Reached XP level 5. HP: 42/42 MP: 5/9
  1459 | D:2      | Learned a level 3 spell: Ozocubu's Armour
  1541 | D:2      | Learned a level 2 spell: Searing Ray
  2384 | D:3      | Reached skill level 1 in Conjurations
  2384 | D:3      | Reached XP level 6. HP: 23/50 MP: 1/11
  2777 | D:4      | Reached skill level 6 in Stealth
  2803 | D:4      | Reached skill level 1 in Fighting
  2809 | D:4      | Mangled by an ogre

Illustrated notes

Levels and vault maps discovered:
D:1:      tarquinn_simple_flora_water_b, layout_basic, serial_forest,
          infiniplex_forest_lined_corner, infiniplex_forest_side_room,
          infiniplex_forest_clump_medium, infiniplex_forest_lined_1,
          infiniplex_forest_straight_2, infiniplex_forest_clump_C
D:2:      layout_loops_cross, basic_altar, st_stairs_3, uniq_terence
D:3:      layout_loops_corners
D:4:      layout_cave_pools, gammafunk_temple_overflow_wave,
          okawaru_altar_gauntlet_db, kennysheep_small_circle, uniq_edmund,
          uniq_ijyb

Skill      XL: |  1  2  3  4  5  6 |
---------------+-------------------+-----
Stealth        | 4 5 6 |  6.2
Spellcasting   | 3 |  3.5
Ice Magic      | 5 |  5.2
Conjurations   | 1 |  1.6
Fighting       | 1 |  1.0
Dodging        | |  1.5

Action                   |  1- 3 |  4- 6 || total
-------------------------+-------+-------++-------
Melee: Short sword       |     2 |       ||     2
       Whip              |     2 |    27 ||    29
 Cast: Freeze            |    14 |     3 ||    17
       Frozen Ramparts   |     2 |     9 ||    11
       Ozocubu's Armour  |       |     2 ||     2
 Abil: Spit Poison       |    22 |    22 ||    44
  Use: Scroll            |     4 |     1 ||     5
Armor: Robe              |     1 |     8 ||     9
Dodge: Dodged            |    12 |     9 ||    21

Table legend: (Time is in decaauts)
 A = Elapsed time spent in this place.
 B = Non-inter-level travel time spent in this place.
 C = Inter-level travel time spent in this place.
 D = Time resting spent in this place.
 E = Time spent auto-exploring this place.
 F = Levels seen in this place.
 G = Mean time per level.
                   A        B        C        D        E       F      G
               +--------+--------+--------+--------+--------+-----+--------+
         Total |   3722 |   3454 |    268 |    290 |   2730 |   4 |  930.5 |
       Dungeon |   3722 |   3454 |    268 |    290 |   2730 |   4 |  930.5 |
               +--------+--------+--------+--------+--------+-----+--------+

Top non-repeatable levels by time:
     D:1: 1422 daAuts
     D:3: 1213 daAuts
     D:2: 961 daAuts
     D:4: 124 daAuts
